 Dungeon Crawl Stone Soup version 0.30-a0-1043-g60ff8d5f49 (webtiles) character file.

Game seed: 5574662902918663628

542 Firecrotchwizard the Digger (level 7, 0/36 HPs)
             Began as a Gargoyle Earth Elementalist on Apr 10, 2023.
             Slain by a phantom (1 damage)
             ... on level 4 of the Dungeon.
             The game lasted 00:07:57 (3092 turns).

Firecrotchwizard the Digger (GrEE)                  Turns: 3092, Time: 00:07:58

Health: 0/36       AC:  6    Str: 12    XL:     7   Next: 27%
Magic:  6/14       EV: 11    Int: 17    God:
Gold:   134        SH:  0    Dex: 10    Spells: 9/15 levels left

rFire   . . .      SeeInvis .    q - +2 quick blade (venom)
rCold   . . .      Faith    .    (no shield)
rNeg    + . .      Spirit   .    a - +0 robe
rPois   ∞          Reflect  .    (no helmet)
rElec   +          Rampage  .    v - scarf {+Inv}
rCorr   .                        (no gloves)
Will    .....                    (no boots)
Stlth   ++                       (no amulet)
HPRegen 0.26/turn                (no ring)
MPRegen 0.14/turn                (no ring)

@: very slightly contaminated
A: sickness immunity, AC +4, negative energy resistance 1, electricity
resistance, torment resistance 1, petrification resistance
a: Evoke Invisibility


You were on level 4 of the Dungeon.
You visited 1 branch of the dungeon, and saw 4 of its levels.

You collected 158 gold pieces.
You spent 24 gold pieces at shops.

Inventory:

Hand Weapons
 k - a +1 dagger of flaming
 q - a +2 quick blade of venom (weapon)
 s - a +0 dagger
Armour
 a - a +0 robe (worn)
 e - a +0 ring mail
 v - a scarf of invisibility (worn)
Jewellery
 l - an amulet of regeneration
Scrolls
 g - a scroll of immolation {unknown}
 i - 2 scrolls of identify
 m - a scroll of teleportation {unknown}
 o - a scroll of enchant armour {unknown}
 p - a scroll of vulnerability {unknown}
 t - a scroll of magic mapping {unknown}
 u - a scroll of fear {unknown}
Potions
 b - a potion of magic
 c - 2 potions of mutation
 d - a potion of might {unknown}
 f - a potion of berserk rage {unknown}
 h - a potion of brilliance {unknown}
 j - a potion of heal wounds {unknown}
 n - a potion of flight {unknown}
 r - a potion of curing {unknown}


   Skills:
 - Level 1.5 Dodging
 - Level 2.1 Stealth
 + Level 4.7 Spellcasting
 + Level 3.1 Conjurations
 - Level 0.7 Transmutations
 + Level 6.8 Earth Magic


You had 9 spell levels left.
You knew the following spells:

 Your Spells              Type           Power      Damage    Failure   Level
a - Sandblast             Erth           54%        2d13      1%          1
b - Passwall              Tmut/Erth      13%        N/A       4%          2
c - Stone Arrow           Conj/Erth      42%        3d9       5%          3

Your spell library contained the following spells:

 Spells                   Type           Power      Damage    Failure   Level
 Petrify                  Tmut/Erth      16%        N/A       30%         4
 Irradiate                Conj/Tmut      5%         3d13      88%         5
 Sublimation of Blood     Necr           Unusable   N/A       N/A         2

Dungeon Overview and Level Annotations

Branches:
Dungeon (4/15)
 Temple: D:4-7

Altars:

Shops:
D:1 =   D:2 (?[

Annotations:
D:3 Sigmund
D:4 Menkaure


Innate Abilities, Weirdness & Mutations

You are immune to sickness and miasma.
Your stone body is resilient. (AC +4)
You are immune to poison.
You resist negative energy. (rN+)
You are resistant to electric shocks. (rElec)
You are resistant to unholy torment.
You are immune to petrification.


Message History

The hound is severely wounded.
The hound bites you but does no damage. The hound attacks as you move away!
The hound bites you. The hound barely misses you. The hound closely misses you.
You kill the hound!
The iguana bites you but does no damage.
The iguana hisses menacingly.
The iguana attacks as you move away! The iguana bites you.
Casting: Sandblast (safe; 1% risk of failure)
Confirm with . or Enter, or press ? or * to list all spells.
Aiming: Sandblast (safe; 1% risk of failure)
Press: ? - help, Shift-Dir - straight line, f - iguana
Aim: an iguana (85% to hit)
The blast of sand hits the iguana but does no damage.
The iguana barely misses you. The iguana closely misses you.
Casting: Sandblast (safe; 1% risk of failure)
Confirm with . or Enter, or press ? or * to list all spells.
Aiming: Sandblast (safe; 1% risk of failure)
Press: ? - help, Shift-Dir - straight line, f/p - iguana
Aim: an iguana (85% to hit)
The blast of sand misses the iguana.
The phantom closely misses you.
The iguana bites you but does no damage.
Casting: Sandblast (safe; 1% risk of failure)
Confirm with . or Enter, or press ? or * to list all spells.
Aiming: Sandblast (safe; 1% risk of failure)
Press: ? - help, Shift-Dir - straight line, f/p - iguana
Aim: an iguana (85% to hit)
The blast of sand hits the iguana!
The iguana is severely wounded.
The phantom barely misses you. The iguana bites you! x2
* * * LOW HITPOINT WARNING * * *
The phantom closely misses you.
Casting: Sandblast (safe; 1% risk of failure)
Confirm with . or Enter, or press ? or * to list all spells.
Aiming: Sandblast (safe; 1% risk of failure)
Press: ? - help, Shift-Dir - straight line, f/p - iguana
Aim: an iguana (severely wounded, 85% to hit)
The blast of sand hits the iguana.
The iguana is almost dead.
The phantom hits you but does no damage.
The iguana bites you.
* * * LOW HITPOINT WARNING * * *
Casting: Sandblast (safe; 1% risk of failure)
Confirm with . or Enter, or press ? or * to list all spells.
Aiming: Sandblast (safe; 1% risk of failure)
Press: ? - help, Shift-Dir - straight line, f/p - iguana
Aim: an iguana (almost dead, 85% to hit)
The blast of sand hits the iguana!!
You kill the iguana!
The phantom hits you but does no damage.
The phantom closely misses you.
Casting: Sandblast (safe; 1% risk of failure)
Confirm with . or Enter, or press ? or * to list all spells.
Aiming: Sandblast (safe; 1% risk of failure)
Press: ? - help, Shift-Dir - straight line, f - phantom
Aim: a phantom (76% to hit)
The blast of sand hits the phantom!!
The phantom is severely damaged.
The phantom barely misses you.
Casting: Sandblast (safe; 1% risk of failure)
Confirm with . or Enter, or press ? or * to list all spells.
Aiming: Sandblast (safe; 1% risk of failure)
Press: ? - help, Shift-Dir - straight line, f/p - phantom
Aim: a phantom (severely damaged, 76% to hit)
The blast of sand misses the phantom.
The phantom hits you.
* * * LOW HITPOINT WARNING * * *
The phantom misses you.
Casting: Sandblast (safe; 1% risk of failure)
Confirm with . or Enter, or press ? or * to list all spells.
Aiming: Sandblast (safe; 1% risk of failure)
Press: ? - help, Shift-Dir - straight line, f/p - phantom
Aim: a phantom (severely damaged, 76% to hit)
The blast of sand misses the phantom.
The phantom hits you but does no damage.
Casting: Sandblast (safe; 1% risk of failure)
Confirm with . or Enter, or press ? or * to list all spells.
Aiming: Sandblast (safe; 1% risk of failure)
Press: ? - help, Shift-Dir - straight line, f/p - phantom
Aim: a phantom (severely damaged, 76% to hit)
You miscast Sandblast.
You are very lightly contaminated with residual magic.
Nothing appears to happen.
* * * LOW MAGIC WARNING * * *
The phantom hits you but does no damage.
Unknown command.
The phantom attacks as you move away! The phantom hits you.
* * * LOW HITPOINT WARNING * * *
Casting: Sandblast (safe; 1% risk of failure)
Confirm with . or Enter, or press ? or * to list all spells.
Aiming: Sandblast (safe; 1% risk of failure)
Press: ? - help, Shift-Dir - straight line, f/p - phantom
Aim: a phantom (severely damaged, 76% to hit)
The blast of sand hits the phantom.
The phantom is almost destroyed.
* * * LOW MAGIC WARNING * * *
The phantom hits you.
* * * LOW HITPOINT WARNING * * *
The phantom hits you.
You die...

... # ..... ....### #... #.....#.
# #... .. #....... .. #. #..# .#
#......... ... ###.. #..#..#
.......... ...
##.#....##..##.###......... ..#
................##....##... ...
#..........@W..........###..
#.###.........##..............#..
#.#.#....................##......
#.............###........##.....>
...........#....##..............#
).......#..........#......†.....#
...........##....###.....#.......
....#.....###....#...M...###.....
....#......##....................


You could see a phantom and Menkaure (wandering).

Vanquished Creatures
  An ogre (D:3)
  2 scorpions (D:4)
  3 hounds (D:4)
  Terence (D:3)
  Jessica (D:2)
  3 iguanas (D:4)
  4 adders
  4 worms
  8 orcs (D:3)
  3 ball pythons
  10 endoplasms
  3 giant cockroaches
  5 goblins
  7 hobgoblins
  5 jackals (D:4)
  A quokka (D:2)
  3 bats (D:2)
  2 frilled lizards
  5 kobolds
  2 rats (D:1)
73 creatures vanquished.

Notes
Turn   | Place    | Note
-------+----------+-------------------------------------------
     0 | D:1      | Firecrotchwizard the Gargoyle Earth Elementalist began the
                  | quest for the Orb.
     0 | D:1      | Reached XP level 1. HP: 10/10 MP: 3/3
     9 | D:1      | Found Noifoxa's Jewellery Boutique.
   326 | D:1      | Reached skill level 4 in Earth Magic
   326 | D:1      | Reached XP level 2. HP: 15/15 MP: 5/5
   964 | D:2      | Found Sidwicso's Antique Weapon Boutique.
   989 | D:2      | Reached XP level 3. HP: 8/19 MP: 5/7
  1073 | D:2      | Noticed Jessica
  1083 | D:2      | Killed Jessica
  1135 | D:2      | Reached XP level 4. HP: 18/24 MP: 8/8
  1203 | D:2      | Found Geet Ophewa's Book Shoppe.
  1214 | D:2      | Found Yfaiv's Armour Emporium.
  1483 | D:2      | Reached skill level 5 in Earth Magic
  1586 | D:2      | Found Qoel's Magic Scroll Shop.
  1595 | D:2      | Bought a scroll of identify for 24 gold pieces
  1729 | D:3      | Noticed Sigmund
  1964 | D:3      | Noticed Terence
  1971 | D:3      | Killed Terence
  1972 | D:3      | Reached XP level 5. HP: 15/28 MP: 7/10
  2445 | D:3      | Learned a level 2 spell: Passwall
  2449 | D:3      | Learned a level 3 spell: Stone Arrow
  2560 | D:4      | Noticed an ogre
  2590 | D:3      | Killed an ogre
  2591 | D:3      | Reached skill level 1 in Conjurations
  2591 | D:3      | Reached XP level 6. HP: 32/32 MP: 7/12
  2597 | D:3      | Reached skill level 6 in Earth Magic
  2729 | D:4      | Noticed Menkaure
  2802 | D:4      | Reached XP level 7. HP: 26/36 MP: 13/13
  3092 | D:4      | HP: 1/36 [phantom (5)]
  3092 | D:4      | Slain by a phantom

Illustrated notes

Levels and vault maps discovered:
D:1:      kennysheep_arrival_forest, layout_basic, serial_shops, shop_fountains
D:2:      layout_loops_ring, serial_shops, shop, shop, nicolae_shop_stone,
          nicolae_shop_trees, small_statue_intersection, uniq_jessica
D:3:      layout_basic, uniq_sigmund, uniq_terence
D:4:      layout_cave_pools, mainiacjoe_overflow_boulevard, sigmund_army,
          uniq_menkaure

Skill      XL: |  1  2  3  4  5  6  7 |
---------------+----------------------+-----
Earth Magic    | 4 5 6 |  6.8
Spellcasting   | 3 4 |  4.7
Conjurations   | 1 2 3 |  3.1
Dodging        | |  1.5
Stealth        | |  2.1
Transmutations | |  0.7

Action                     |  1- 3 |  4- 6 |  7- 9 || total
---------------------------+-------+-------+-------++-------
  Melee: Unarmed           |    50 |       |       ||    50
         Punch             |     1 |     1 |     1 ||     3
         Dagger            |    29 |    17 |       ||    46
         Quick blade       |       |   154 |    11 ||   165
   Cast: Sandblast         |    14 |     8 |    12 ||    34
    Use: Scroll            |       |     1 |       ||     1
   Stab: Sleeping          |     1 |     2 |       ||     3
 Armour: Robe              |    31 |    52 |     9 ||    92
         Ring mail         |     1 |       |       ||     1
  Dodge: Dodged            |    40 |    80 |    16 ||   136

Table legend: (Time is in decaauts)
 A = Elapsed time spent in this place.
 B = Non-inter-level travel time spent in this place.
 C = Inter-level travel time spent in this place.
 D = Time resting spent in this place.
 E = Time spent auto-exploring this place.
 F = Levels seen in this place.
 G = Mean time per level.
                   A        B        C        D        E       F      G
               +--------+--------+--------+--------+--------+-----+--------+
         Total |   3063 |   2960 |    103 |    361 |   1977 |   4 |  765.8 |
       Dungeon |   3063 |   2960 |    103 |    361 |   1977 |   4 |  765.8 |
               +--------+--------+--------+--------+--------+-----+--------+

Top non-repeatable levels by time:
     D:2: 917 daAuts
     D:3: 860 daAuts
     D:1: 786 daAuts
     D:4: 499 daAuts
